 Dungeon Crawl Stone Soup version 0.28.0 (webtiles) character file.

Game seed: 11061566275593308883

2 horus123 the Magician (level 1, -2/13 HPs)
             Began as a Human Wanderer on Feb 14, 2022.
             Slain by a gnoll (13 damage)
             ... on level 1 of the Dungeon.
             The game lasted 00:01:01 (242 turns).

horus123 the Magician (Human Wanderer)               Turns: 242, Time: 00:01:02

Health: -2/13      AC:  2    Str: 10    XL:     1   Next: 33%
Magic:  5/5        EV: 11    Int: 14    God:
Gold:   17         SH:  0    Dex: 12    Spells: 7/8 levels left

rFire   . . .      SeeInvis .   a - +0 dagger
rCold   . . .      Faith    .   (no shield)
rNeg    . . .      Spirit   .   c - +0 robe
rPois   .          Reflect  .   (no helmet)
rElec   .          Harm     .   (no cloak)
rCorr   .          Rampage  .   (no gloves)
Will    .....                   (no boots)
Stlth   +.........              (no amulet)
HPRegen 0.04/turn               (no ring)
MPRegen 0.09/turn               (no ring)

@: no status effects
A: no striking features
a: no special abilities


You were on level 1 of the Dungeon.
You visited 1 branch of the dungeon, and saw 1 of its levels.

You collected 17 gold pieces.

Inventory:

Hand Weapons
 a - a +0 dagger (weapon)
Missiles
 b - 9 boomerangs (quivered)
Armour
 c - a +0 robe (worn)
Potions
 d - a potion of curing {unknown}


   Skills:
 - Level 2.0 Throwing
 - Level 1.0 Dodging
 - Level 4.0 Spellcasting
 - Level 3.0 Summonings
 + Level 0.4 Transmutations


You had 7 spell levels left.
You knew the following spells:

 Your Spells              Type           Power      Damage    Failure   Level
a - Sting                 Tmut/Pois      12%        1d3       19%         1

Your spell library contained the following spells:

 Spells                   Type           Power      Damage    Failure   Level
 Summon Small Mammal      Summ           44%        N/A       5%          1
 Call Canine Familiar     Summ           11%        N/A       17%         3
 Spider Form              Tmut/Pois      3%         N/A       47%         3
 Summon Lightning Spire   Summ/Air       7%         N/A       71%         4


Dungeon Overview and Level Annotations

Branches:
Dungeon (1/15)

Altars:


Message History

You are very lightly contaminated with residual magic.
Nothing appears to happen.
The ball python completely misses you. The ball python barely misses you.
The sting misses the ball python.
The ball python closely misses you. The ball python completely misses you.
The sting hits the ball python.
The ball python is poisoned.
You kill the ball python!
Your magical contamination has completely faded away.
Magic restored.
You now have 17 gold pieces.
You see here a ball python corpse.
You open the door.
There is an open door here.
Found a faded altar of an unknown god.
A ball python comes into view.
The ball python hisses angrily.
The sting misses the ball python.
The sting hits the ball python.
The ball python is poisoned.
The ball python is heavily wounded.
The ball python barely misses you. x2
The sting hits the ball python.
The ball python looks even sicker.
You kill the ball python!
Found a stone staircase leading down.
No target in view!
There is a stone staircase leading down here.
A gnoll comes into view. It is wielding a +0 flail.
The gnoll shouts!
You throw a boomerang. The boomerang hits the gnoll.
The gnoll is moderately wounded.
You throw a boomerang. The boomerang closely misses the gnoll.
You throw a boomerang. The boomerang closely misses the gnoll.
The gnoll hits you with a +0 flail.
You throw a boomerang. The boomerang hits the gnoll.
The gnoll is heavily wounded.
The gnoll barely misses you.
You throw a boomerang. The boomerang hits the gnoll.
The gnoll is severely wounded.
The gnoll closely misses you. The gnoll hits you with a +0 flail!
Ouch! That really hurt!
You die...

.##......# .#######.#
#.# .....# #.# #....#
#.# #....# #.# .....#
#.# #....# #.# #....#
#g#
#....###########@##.#
#............>......#
#...##..............#
#....+...........####
######...........#
#...........#
#...........#
###+#########


You could see a gnoll.

Vanquished Creatures
  2 ball pythons (D:1)
2 creatures vanquished.

Notes
Turn   | Place    | Note
-------+----------+-------------------------------------------
     0 | D:1      | horus123 the Human Wanderer began the quest for the Orb.
     0 | D:1      | horus123 set off with the following items: a +0 dagger, 9
                  | boomerangs, a +0 robe; and the following spells available
                  | to memorise: Summon Small Mammal, Call Canine Familiar,
                  | Sting, Spider Form, Summon Lightning Spire
     0 | D:1      | Reached XP level 1. HP: 13/13 MP: 5/5
     2 | D:1      | Learned a level 1 spell: Sting
   161 | D:1      | Found a faded altar of an unknown god.
   242 | D:1      | Slain by a gnoll

Illustrated notes

Levels and vault maps discovered:
D:1:      scummos_arrival_simple_crosswalls, layout_basic,
          basic_ecumenical_altar, minmay_misc_feat_room

Action                   || total
-------------------------++-------
Throw: Boomerang         ||     5
 Cast: Sting             ||     5
Dodge: Dodged            ||     8
